 Dungeon Crawl Stone Soup version 0.25.0-9-g26727b657a (webtiles) character file.

Game seed: 5340180487204345271

11 shadizar the Insei (level 2, 0/19 HPs)
             Began as an Octopode Transmuter on June 21, 2020.
             Slain by a kobold
             ... wielding a +0 dagger
              (3 damage)
             ... on level 1 of the Dungeon.
             The game lasted 00:01:56 (325 turns).

shadizar the Insei (Octopode Transmuter)             Turns: 325, Time: 00:01:57

Health: 0/19       AC:  1    Str:  9    XL:     2   Next: 25%
Magic:  4/5        EV: 13    Int: 15    God:
Gold:   16         SH:  0    Dex: 12    Spells: 4/5 levels left

rFire    . . .     SeeInvis .     - Unarmed
rCold    . . .     Gourm    .   (no shield)
rNeg     . . .     Faith    .   (helmet restricted)
rPois    .         Spirit   .   (no amulet)
rElec    .         Reflect  .   (no ring)
rCorr    .         Harm     .   (no ring)
MR       .....                  (no ring)
Stlth    ++........             (no ring)
HPRegen  0.06/turn              (no ring)
MPRegen  0.09/turn              (no ring)
                                (no ring)
                                (no ring)

@: appendage
A: almost no armour, stealthy swim, amphibious, 8 rings, constrict 8, tentacle
spike 3, camouflage 1, gelatinous body 1
a: End Transformation


You were on level 1 of the Dungeon.
You were not hungry.
One of your tentacles had a temporary spike.
You visited 1 branch of the dungeon, and saw 1 of its levels.

You collected 16 gold pieces.

Inventory:

Missiles
 a - 32 arrows
Scrolls
 g - a scroll of teleportation {unknown}
Potions
 b - 2 potions of resistance {unknown}
 e - a potion of curing {unknown}
 h - a potion of lignification {unknown}
Comestibles
 c - 2 rations
 d - a chunk of flesh


   Skills:
 + Level 1.7 Fighting
 - Level 2.0 Dodging
 + Level 3.3 Unarmed Combat
 - Level 2.0 Spellcasting
 - Level 2.0 Transmutations


You had 4 spell levels left.
You knew the following spells:

 Your Spells              Type           Power        Failure   Level  Hunger
a - Beastly Appendage     Tmut           #.....       10%         1    #......

Your spell library contained the following spells:

 Spells                   Type           Power        Failure   Level  Hunger
 Sticks to Snakes         Tmut           #.......     14%         2    ###....
 Spider Form              Tmut/Pois      #.........   41%         3    ###....
 Ice Form                 Ice/Tmut       #.......     82%         4    #####..
 Blade Hands              Tmut           #.........   95%         5    ######.


Dungeon Overview and Level Annotations

Branches:
Dungeon (1/15)

Altars:


Innate Abilities, Weirdness & Mutations

You cannot wear most types of armour.
You are very stealthy in the water. (Stealth+)
You are amphibious.
You can wear up to eight rings at the same time.
You can use your tentacles to constrict eight enemies at once.
Your skin changes colour to match your surroundings (Stealth+).
Your rubbery body absorbs attacks. (AC +1, EV +1)
One of your tentacles bears a large vicious spike.


Message History

You constrict the kobold, but do no damage.
The kobold hits you with a +0 dagger.
* * * LOW HITPOINT WARNING * * *
You release your grip on the kobold.
You see here a dagger.
Your tentacle spike disappears.
The rat barely misses you.
Sorry, you're not good enough to have a special ability.
Sorry, you're not good enough to have a special ability.
Casting: Beastly Appendage (safe; 10% risk of failure)
Confirm with . or Enter, or press ? or * to list all spells.
One of your tentacles grows a vicious spike.
You closely miss the rat. Your grab misses the rat. The rat bites you.
* * * LOW HITPOINT WARNING * * *
You tentacle-slap the rat but do no damage.
You grab the rat.
You pierce the rat, but do no damage.
You constrict the rat. The rat bites you.
* * * LOW HITPOINT WARNING * * *
The kobold hits you with a +0 dagger.
You die...

..# ###############..###
#.............>....
#..#..#..#..#..#.##
#................#
#................#
#<....(....[..>#.#
#..............#[#
#........@r......########
#..#..#.(#K.#...........#
#.............>#.######.#
#################.#
..........# #.#
#####....#######.#
##.#.........#
##.###########
##.#.#.#.##


You could see a kobold and a rat.

Vanquished Creatures
  An ooze (D:1)
  A bat (D:1)
  A hobgoblin (D:1)
  2 frilled lizards (D:1)
  2 kobolds (D:1)
7 creatures vanquished.

Notes
Turn   | Place    | Note
-------+----------+-------------------------------------------
     0 | D:1      | shadizar the Octopode Transmuter began the quest for the
                  | Orb.
     0 | D:1      | Reached XP level 1. HP: 13/13 MP: 3/3
   129 | D:1      | Reached XP level 2. HP: 18/18 MP: 5/5
   325 | D:1      | Slain by a kobold

Illustrated notes

Levels and vault maps discovered:
D:1:      lemuel_arrival_broad_hall, layout_loops_ring, minmay_misc_feat_doors

Action                   || total
-------------------------++-------
Melee: Unarmed           ||    21
       Tentacles         ||     5
       Kick              ||     3
       Constrict         ||     5
 Cast: Beastly Appendage ||     4
 Stab: Sleeping          ||     1
Armor: Skin              ||     2
Dodge: Dodged            ||    15
